 Dungeon Crawl Stone Soup version 0.29-a0-887-gcbe080d7e0 (webtiles) character file.

Game seed: 570102490474017323

233 wilfster70 the Chiller (level 6, -2/66 HPs)
             Began as a Gnoll Ice Elementalist on July 21, 2022.
             Slain by a goblin
             ... wielding a +3 dagger of venom
              (3 damage)
             ... on level 3 of the Dungeon.
             The game lasted 00:06:27 (2965 turns).

wilfster70 the Chiller (Gnoll Ice Elementalist)     Turns: 2965, Time: 00:06:28

Health: -2/66      AC: 23    Str:  8    XL:     6   Next: 4%
Magic:  13/15      EV:  2    Int: 16    God:
Gold:   169        SH:  0    Dex: 12    Spells: 9/15 levels left

rFire   . . .      SeeInvis +   b - +1 sling (chaos)
rCold   . . .      Faith    .   (no shield)
rNeg    . . .      Spirit   .   (body armour currently unavailable)
rPois   +          Reflect  .   (helmet currently unavailable)
rElec   .          Harm     .   (cloak currently unavailable)
rCorr   .          Rampage  .   (gloves currently unavailable)
Will    .....      NoTele   +   (boots currently unavailable)
Stlth   +++.......              m - amulet of the acrobat
HPRegen 0.21/turn               h - +4 ring of slaying
MPRegen 0.14/turn               i - ring of see invisible

@: lethally poisoned (-2 -> -18), tree-form
A: stationary, stasis, torment immunity, boosted hp, (fangs 1), strong nose,
distributed training, high MP 1, (poison resistance)
a: no special abilities


You were on level 3 of the Dungeon.
You were a tree.
You visited 1 branch of the dungeon, and saw 3 of its levels.

You collected 169 gold pieces.

Inventory:

Hand Weapons
 b - a +1 sling of chaos (weapon)
Armour
 a - a +0 robe (melded)
 l - a +0 cloak (melded)
 p - a +0 pair of gloves (melded)
Jewellery
 h - a +4 ring of slaying (left branch)
 i - a ring of see invisible (right branch)
 m - an amulet of the acrobat (around neck)
Wands
 k - a wand of flame (14)
Scrolls
 e - 2 scrolls of teleportation
 o - a scroll of butterflies
Potions
 d - a potion of ambrosia {unknown}
 f - 4 potions of lignification
 g - a potion of berserk rage {unknown}
 j - a potion of magic
 q - a potion of heal wounds {unknown}


   Skills:
 + Level 1.8 Fighting
 + Level 1.8 Short Blades
 + Level 1.8 Long Blades
 + Level 1.8 Axes
 + Level 1.8 Maces & Flails
 + Level 1.8 Polearms
 + Level 1.8 Staves
 + Level 1.8 Ranged Weapons
 + Level 1.8 Throwing
 + Level 1.8 Armour
 + Level 4.9 Dodging
 + Level 4.5 Stealth
 + Level 1.8 Shields
 + Level 1.8 Unarmed Combat
 + Level 5.3 Spellcasting
 + Level 1.4 Conjurations
 + Level 1.4 Hexes
 + Level 1.4 Summonings
 + Level 1.4 Necromancy
 + Level 1.4 Translocations
 + Level 1.4 Transmutations
 + Level 1.4 Fire Magic
 + Level 7.2 Ice Magic
 + Level 1.4 Air Magic
 + Level 1.4 Earth Magic
 + Level 1.4 Poison Magic
 + Level 2.0 Invocations
 + Level 1.8 Evocations


You had 9 spell levels left.
You knew the following spells:

 Your Spells              Type           Power      Damage    Failure   Level
b - Frozen Ramparts       Ice            54%        1d7       2%          3
c - Ozocubu's Armour      Ice            27%        N/A       2%          3

Your spell library contained the following spells:

 Spells                   Type           Power      Damage    Failure   Level
 Freeze                   Ice            100%       1d11      1%          1
 Ensorcelled Hibernation  Hex/Ice        36%        N/A       3%          2
 Apportation              Tloc           16%        N/A       9%          1
 Necrotise                Necr           32%        1d5       9%          1
 Summon Small Mammal      Summ           32%        N/A       9%          1
 Passwall                 Tmut/Erth      6%         N/A       12%         2
 Swiftness                Air            8%         N/A       24%         3
 Hailstorm                Conj/Ice       18%        3d6       24%         4


Dungeon Overview and Level Annotations

Branches:
Dungeon (3/15)

Altars:


Innate Abilities, Weirdness & Mutations

You are a tree.
Your roots penetrate the ground, keeping you stationary.
You cannot be teleported.
You are immune to unholy pain and torment.
Your maximum health is greatly increased.
Your equipment is partially melded.
((You have very sharp teeth.))
Your uncanny sense of smell can sniff out nearby items.
Your experience applies equally to all skills.
You have an increased reservoir of magic. (+10% MP)
((Your system is resistant to poisons. (rPois)))


Message History

The goblin misses you. The hobgoblin barely misses you.
The goblin barely misses you.
You shoot a sling bullet. The sling bullet hits the hobgoblin!
You kill the hobgoblin!
The goblin hits you with a +0 club.
The goblin hits you with a +3 dagger of venom.
You are poisoned.
You shoot a sling bullet.
The sling bullet closely misses the goblin.
You feel very sick.
The goblin hits you but does no damage. x2; The goblin misses you.
The goblin hits you with a +3 dagger of venom.
You are more poisoned.
You shoot a sling bullet. The sling bullet misses the goblin.
You feel very sick. The goblin misses you.
The goblin hits you with a +3 dagger of venom.
* * * LOW HITPOINT WARNING * * *
You are more poisoned.
You are too injured to fight recklessly!
You are too injured to fight recklessly!
You are too injured to fight recklessly!
It was a potion of lignification.
You turn into a tree.
Your +0 cloak melds into your body.
Your +0 pair of gloves melds into your body.
Your +0 robe melds into your body.
Your roots penetrate the ground.
* * * LOW HITPOINT WARNING * * *
You feel very sick. The goblin hits you with a +0 club.
* * * LOW HITPOINT WARNING * * *
The goblin hits you with a +3 dagger of venom.
* * * LOW HITPOINT WARNING * * *
It was a potion of mutation.
You feel extremely strange.
You feel more energetic.
You feel resistant to poisons.
* * * LOW HITPOINT WARNING * * *
You feel very sick. The goblin hits you with a +0 club.
* * * LOW HITPOINT WARNING * * *
The goblin hits you with a +3 dagger of venom.
You die...

.# #.....# #...##........# .#
#.....# ##########'#### .#
#.....# #..# .#
#.....#############.##
.#####.....#.........###..#######
........,,,+[........'...........
.#######***#.........####.#######
.# #.........# #..#### .#######
#....♣..### #.....# #
'#.....#####8..)gg8# #.....# #
.......'...#....)..# #.....# #
.......###.#8.....8# ##..### #
....)..# #.#.......# ##.## #
.......# #.#8)....8# #..####
.......# #.#....|..# ##.#...
##.....# #.#8.....8# #.#...
#.....# #.#,,∆,∆,,* #.....


You could see 2 goblins.

Vanquished Creatures
  Crazy Yiuf (D:2)
  Jessica (D:2)
  Natasha (thrice) (D:2)
  4 adders
  2 dart slugs
  5 ball pythons
  3 endoplasms
  A giant cockroach (D:1)
  7 goblins
  12 hobgoblins
  5 jackals (D:2)
  3 quokkas
  A bat (D:3)
  4 frilled lizards
  4 kobolds
  11 rats
67 creatures vanquished.

Vanquished Creatures (others)
  4 plants (D:2)
4 creatures vanquished.

Grand Total: 71 creatures vanquished

Notes
Turn   | Place    | Note
-------+----------+-------------------------------------------
     0 | D:1      | wilfster70 the Gnoll Ice Elementalist began the quest for
                  | the Orb.
     0 | D:1      | Reached XP level 1. HP: 13/13 MP: 6/6
   133 | D:1      | Reached XP level 2. HP: 18/19 MP: 4/7
   716 | D:1      | Reached skill level 5 in Spellcasting
   716 | D:1      | Reached XP level 3. HP: 23/25 MP: 5/9
   723 | D:1      | Learned a level 3 spell: Frozen Ramparts
   727 | D:1      | Learned a level 3 spell: Ozocubu's Armour
   948 | D:2      | Identified the +8 long sword "Roataonn" {freeze, Drain
                  | rElec Str+4 Int+4}
  1023 | D:2      | Noticed Jessica
  1031 | D:2      | Killed Jessica
  1032 | D:2      | Reached skill level 1 in Fighting
  1032 | D:2      | Reached skill level 1 in Short Blades
  1032 | D:2      | Reached skill level 1 in Long Blades
  1032 | D:2      | Reached skill level 1 in Axes
  1032 | D:2      | Reached skill level 1 in Maces & Flails
  1032 | D:2      | Reached skill level 1 in Polearms
  1032 | D:2      | Reached skill level 1 in Staves
  1032 | D:2      | Reached skill level 1 in Ranged Weapons
  1032 | D:2      | Reached skill level 1 in Throwing
  1032 | D:2      | Reached skill level 1 in Armour
  1032 | D:2      | Reached skill level 1 in Shields
  1032 | D:2      | Reached skill level 1 in Unarmed Combat
  1032 | D:2      | Reached skill level 1 in Invocations
  1032 | D:2      | Reached skill level 1 in Evocations
  1032 | D:2      | Reached XP level 4. HP: 29/32 MP: 3/11
  1222 | D:2      | Noticed Natasha
  1224 | D:2      | Killed Natasha
  1225 | D:2      | Reached skill level 1 in Conjurations
  1225 | D:2      | Reached skill level 1 in Hexes
  1225 | D:2      | Reached skill level 1 in Summonings
  1225 | D:2      | Reached skill level 1 in Necromancy
  1225 | D:2      | Reached skill level 1 in Translocations
  1225 | D:2      | Reached skill level 1 in Transmutations
  1225 | D:2      | Reached skill level 1 in Fire Magic
  1225 | D:2      | Reached skill level 1 in Air Magic
  1225 | D:2      | Reached skill level 1 in Earth Magic
  1225 | D:2      | Reached skill level 1 in Poison Magic
  1335 | D:2      | Noticed Natasha
  1339 | D:2      | Killed Natasha
  1495 | D:2      | Noticed Natasha
  1499 | D:2      | Reached XP level 5. HP: 37/37 MP: 12/12
  1512 | D:2      | Killed Natasha
  1688 | D:2      | Found a faded altar of an unknown god.
  1918 | D:2      | Found a runed translucent door.
  1919 | D:2      | Noticed Crazy Yiuf
  1925 | D:2      | Killed Crazy Yiuf
  2658 | D:3      | Reached XP level 6. HP: 32/44 MP: 9/13
  2965 | D:3      | Gained mutation: You have an increased reservoir of magic.
                  | (+10% MP) [potion of mutation]
  2965 | D:3      | Gained mutation: Your system is resistant to poisons.
                  | (rPois) [potion of mutation]
  2965 | D:3      | HP: 3/66 [poisoned by a goblin]
  2965 | D:3      | HP: 1/66 [goblin/+0 club (2)]
  2965 | D:3      | Slain by a goblin

Illustrated notes

Levels and vault maps discovered:
D:1:      roderic_octagonal_star, layout_loops_ring, minmay_misc_feat_plants
D:2:      minmay_inner_zag, layout_basic,
          shapermc_ecumenical_altar_mp_ritualfount, uniq_crazy_yiuf_cottage,
          uniq_jessica, uniq_natasha
D:3:      kennysheep_the_goblin_king, layout_basic, minitemple

Skill      XL: |  1  2  3  4  5 |
---------------+----------------+-----
Spellcasting   | 5 |  5.3
Fighting       | 1 |  1.8
Short Blades   | 1 |  1.8
Long Blades    | 1 |  1.8
Axes           | 1 |  1.8
Maces & Flails | 1 |  1.8
Polearms       | 1 |  1.8
Staves         | 1 |  1.8
Ranged Weapons | 1 |  1.8
Throwing       | 1 |  1.8
Armour         | 1 |  1.8
Shields        | 1 |  1.8
Unarmed Combat | 1 |  1.8
Invocations    | 1 2 |  2.0
Evocations     | 1 |  1.8
Conjurations   | 1 |  1.4
Hexes          | 1 |  1.4
Summonings     | 1 |  1.4
Necromancy     | 1 |  1.4
Translocations | 1 |  1.4
Transmutations | 1 |  1.4
Fire Magic     | 1 |  1.4
Air Magic      | 1 |  1.4
Earth Magic    | 1 |  1.4
Poison Magic   | 1 |  1.4
Dodging        | |  4.9
Stealth        | |  4.5
Ice Magic      | |  7.2

Action                   |  1- 3 |  4- 6 || total
-------------------------+-------+-------++-------
Melee: Unarmed           |    10 |       ||    10
       Bite              |     2 |       ||     2
 Fire: Sling             |       |    80 ||    80
 Cast: Freeze            |    34 |     3 ||    37
       Frozen Ramparts   |     1 |     6 ||     7
       Ozocubu's Armour  |     1 |       ||     1
  Use: Scroll            |       |     7 ||     7
       Potion            |       |     2 ||     2
Armor: Robe              |     4 |    16 ||    20
Dodge: Dodged            |    26 |    28 ||    54

Table legend: (Time is in decaauts)
 A = Elapsed time spent in this place.
 B = Non-inter-level travel time spent in this place.
 C = Inter-level travel time spent in this place.
 D = Time resting spent in this place.
 E = Time spent auto-exploring this place.
 F = Levels seen in this place.
 G = Mean time per level.
                   A        B        C        D        E       F      G
               +--------+--------+--------+--------+--------+-----+--------+
         Total |   2989 |   2895 |     94 |    699 |   1331 |   3 |  996.3 |
       Dungeon |   2989 |   2895 |     94 |    699 |   1331 |   3 |  996.3 |
               +--------+--------+--------+--------+--------+-----+--------+

Top non-repeatable levels by time:
     D:2: 1335 daAuts
     D:1: 898 daAuts
     D:3: 755 daAuts
